Map: Lerilak Crest

Players

live - Winner!

  • Race: Protoss Protoss

LilDicky

  • Race: Terran Terran
  • League: Diamond

VOD

http://www.twitch.tv/tumescentpie

Description

Time

  • Played on: Nov. 27, 2015, 8:25 a.m.
  • Length: 3:15
Show
View Real Time Build Order
Export as new Build Order

live Protoss - Winner!

Build Orders:  

Get SALT Encoding   

  12  0:01  Probe (Chrono Boost)  
  13  0:11  Probe (Chrono Boost)  
  14  0:17  Pylon  
  14  0:22  Probe (Chrono Boost)  
  16  0:35  Probe (Chrono Boost)  
  16  0:37  Gateway  
  16  0:46  Probe (Chrono Boost)  
  16  0:47  Assimilator  
  17  0:56  Probe (Chrono Boost)  
  18  1:07  Probe (Chrono Boost)  
  18  1:08  Pylon  
  19  1:17  Probe (Chrono Boost)  
  20  1:26  Cybernetics Core  
  20  1:28  Probe (Chrono Boost)  
  20  1:32  Zealot  
  23  1:38  Probe (Chrono Boost)  
  24  1:54  Nexus  
  24  2:00  Assimilator  
  24  2:05  Mothership Core (Chrono Boost)  
  26  2:19  Pylon  
  26  2:24  Probe (Chrono Boost)  
  27  2:35  Probe (Chrono Boost)  
  28  2:40  Stalker (Chrono Boost)  
  30  2:46  Probe  
  32  2:58  Probe  
Show
View Real Time Build Order
Export as new Build Order

LilDicky Terran 

Build Orders:  

Get SALT Encoding   

  12  0:01  SCV  
  13  0:13  SCV  
  14  0:18  Supply Depot  
  14  0:25  SCV  
  15  0:29  Refinery  
  15  0:39  SCV  
  16  0:48  Barracks  
  16  0:51  SCV  
  17  1:03  SCV  
  18  1:15  SCV  
  19  1:28  SCV  
  20  1:34  Marine  
  21  1:42  Factory  
  21  1:48  Supply Depot, Orbital Command  
  21  1:52  Marine  
  22  2:15  Barracks  
  22  2:16  Barracks Reactor  
  22  2:17  SCV, Barracks  
  23  2:23  Refinery  
  23  2:40  Widow Mine  
  25  2:48  SCV  
  26  2:51  Supply Depot  
  26  3:00  SCV  
  26  3:05  Barracks Tech Lab x2  
Tags
 
Add a new tag
Caveats
  • Supply blocks, unpowered buildings, or Contaminate may cause inaccurate times.
  • Supply counts are checked every 10 seconds.